 Dungeon Crawl Stone Soup version 0.30-b1-2-g02819fbbbe (webtiles) character file.

Game seed: 2514890626859221628

46 Mesmaeker13 the Magician (level 3, -2/27 HPs)
             Began as an Armataur Hedge Wizard on May 29, 2023.
             Slain by an orc
             ... wielding a +2 flail of protection
              (7 damage)
             ... on level 2 of the Dungeon.
             The game lasted 00:04:54 (1480 turns).

Mesmaeker13 the Magician (Armataur Hedge Wizard)    Turns: 1480, Time: 00:04:55

Health: -2/27      AC:  4    Str: 15    XL:     3   Next: 44%
Magic:  0/7        EV:  9    Int: 16    God:
Gold:   59         SH:  0    Dex:  9    Spells: 5/8 levels left

rFire   . . .        i - +0 rapier
rCold   . . .        (no shield)
rNeg    . . .        b - +0 robe
rPois   .            c - +0 hat
rElec   .            (no cloak)
rCorr   .            (no gloves)
SInv    .            (no barding)
Will    .....        (no amulet)
Stlth   ++           (no ring)
HPRegen 0.24/turn    (no ring)
MPRegen 0.10/turn

%: roll
@: no status effects
A: large, rugged brown scales 3, deformed body, armoured tail, roll, long
tongue, awkward tongue
a: no special abilities


You were on level 2 of the Dungeon.
You visited 1 branch of the dungeon, and saw 2 of its levels.

You collected 59 gold pieces.

Inventory:

Hand Weapons
 i - a +0 rapier (weapon)
 j - a +0 spear
Missiles
 n - 21 stones
Armour
 b - a +0 robe (worn)
 c - a +0 hat (worn)
Magical Staves
 m - a staff of cold
Scrolls
 a - a scroll of blinking {unknown}
 e - a scroll of poison {unknown}
 f - 2 scrolls of identify {unknown}
 h - 3 scrolls of fog
 k - 2 scrolls of magic mapping {unknown}
 l - 2 scrolls of fear {unknown}
Potions
 d - a potion of magic


   Skills:
 + Level 1.8 Dodging
 + Level 2.9 Stealth
 + Level 3.0 Spellcasting
 + Level 1.5 Conjurations
 + Level 1.0 Summonings
 - Level 1.0 Translocations


You had 5 spell levels left.
You knew the following spells:

 Your Spells              Type           Power      Damage    Failure   Level
a - Magic Dart            Conj           28%        1d4       10%         1
b - Call Imp              Summ           10%        N/A       19%         2

Your spell library contained the following spells:

 Spells                   Type           Power      Damage    Failure   Level
 Beastly Appendage        Tmut           4%         N/A       19%         1
 Slow                     Hex            8%         N/A       19%         1
 Blink                    Tloc           10%        N/A       19%         2
 Cigotuvi's Dreadful Rot  Necr/Pois/Air  4%         N/A       28%         2
 Wereblood                Tmut           2%         N/A       28%         2
 Mephitic Cloud           Conj/Pois/Air  4%         N/A       41%         3
 Spider Form              Tmut/Pois      2%         N/A       50%         3


Dungeon Overview and Level Annotations

Branches:
Dungeon (2/15)

Altars:
Trog


Innate Abilities, Weirdness & Mutations

You are completely covered in rugged brown scales. (AC +3, +7% HP)
Armour fits poorly on your strangely shaped body.
You have a long armoured tail.
You roll when moving toward enemies. (Rampage)
Your long tongue fully drains potion bottles. (2x potion effects)
Your tongue gives you trouble enunciating. (1.5x scroll delay)


Message History

The orc is heavily wounded.
Casting: Magic Dart (safe; 10% risk of failure)
Confirm with . or Enter, or press ? or * to list all spells.
Aiming: Magic Dart (safe; 10% risk of failure)
Press: ? - help, Shift-Dir - straight line, f/p - orc
Aim: an orc, wielding a +2 flail of protection and wearing a +0 leather armour (heavily wounded, 100% to hit)
The magic dart hits the orc but does no damage.
The orc is heavily wounded.
You barely miss the orc.
The orc is heavily wounded.
The orc barely misses you.
You hit the orc but do no damage.
Your tail-slap misses the orc.
The orc is heavily wounded.
The orc hits you with a +2 flail of protection.
The orc hits you with a +2 flail of protection!
You hit the orc but do no damage.
The orc is heavily wounded.
The orc hits you with a +2 flail of protection!
* * * LOW HITPOINT WARNING * * *
You closely miss the orc.
Your tail-slap misses the orc.
The orc is heavily wounded.
The orc hits you with a +2 flail of protection.
* * * LOW HITPOINT WARNING * * *
Casting: Magic Dart (safe; 10% risk of failure)
Confirm with . or Enter, or press ? or * to list all spells.
Aiming: Magic Dart (safe; 10% risk of failure)
Press: ? - help, Shift-Dir - straight line, f/p - orc
Aim: an orc, wielding a +2 flail of protection and wearing a +0 leather armour (heavily wounded, 100% to hit)
The magic dart hits the orc but does no damage.
The orc is heavily wounded.
The orc barely misses you.
Casting: Magic Dart (safe; 10% risk of failure)
Confirm with . or Enter, or press ? or * to list all spells.
Aiming: Magic Dart (safe; 10% risk of failure)
Press: ? - help, Shift-Dir - straight line, f/p - orc
Aim: an orc, wielding a +2 flail of protection and wearing a +0 leather armour (heavily wounded, 100% to hit)
The magic dart hits the orc.
The orc is almost dead.
The orc hits you with a +2 flail of protection!
You die...

#+# #.# #######.##
#........#
#.####...##
#.........#
#.####....#
#.#####...#######.
#.<....@o.........
#........############
##########


You could see an orc.

Vanquished Creatures
  An adder (D:1)
  3 bats
  7 endoplasms (D:1)
  A giant cockroach (D:1)
  4 goblins (D:1)
  2 hobgoblins (D:1)
  4 kobolds
  4 ball pythons
  3 frilled lizards (D:1)
  2 rats (D:1)
31 creatures vanquished.

Vanquished Creatures (collateral kills)
  A worm (D:2)
1 creature vanquished.

Vanquished Creatures (others)
  A withered plant (D:2)
1 creature vanquished.

Grand Total: 33 creatures vanquished

Notes
Turn   | Place    | Note
-------+----------+-------------------------------------------
     0 | D:1      | Mesmaeker13 the Armataur Hedge Wizard began the quest for
                  | the Orb.
     0 | D:1      | Reached XP level 1. HP: 14/14 MP: 4/4
    63 | D:1      | Reached skill level 1 in Conjurations
   277 | D:1      | Reached XP level 2. HP: 21/21 MP: 1/5
   967 | D:1      | Reached XP level 3. HP: 27/27 MP: 1/7
  1105 | D:1      | Learned a level 2 spell: Call Imp
  1170 | D:2      | Found a bloodstained altar of Trog.
  1308 | D:2      | Reached skill level 3 in Spellcasting
  1366 | D:1      | Reached skill level 1 in Summonings
  1480 | D:2      | Slain by an orc

Illustrated notes

Levels and vault maps discovered:
D:1:      minmay_arrival_five_plusses, layout_rooms
D:2:      cheibrodos_pilgrimage, layout_loops_corners, basic_altar,
          serial_undead, serial_undead_f, serial_undead_a, serial_undead_c,
          serial_undead_d, serial_undead_a, serial_undead_d,
          minmay_pentomino_pile, uniq_sigmund, uniq_crazy_yiuf_cottage

Skill      XL: |  1  2  3 |
---------------+----------+-----
Conjurations   | 1 |  1.5
Spellcasting   | 3 |  3.0
Summonings     | 1 |  1.0
Dodging        | |  1.8
Stealth        | |  2.9
Translocations | |  1.0

Action                     || total
---------------------------++-------
  Melee: Dagger            ||     9
         Tailslap          ||     6
         Rapier            ||    26
   Cast: Magic Dart        ||    72
         Call Imp          ||     3
    Use: Potion            ||     2
         Scroll            ||     1
 Armour: Robe              ||    16
  Dodge: Dodged            ||    20
